 Dungeon Crawl Stone Soup version 0.31-a0-188-g5e087ee2ca (webtiles) character file.

Game seed: 17680373375176472787

79 qw the Shooter (level 4, -3/25 HPs)
             Began as a Deep Elf Hunter on June 22, 2023.
             Slain by a gnoll
             ... wielding a +0 spear
              (4 damage)
             ... on level 3 of the Dungeon.
             The game lasted 00:00:31 (1602 turns).

qw the Shooter (Deep Elf Hunter)                    Turns: 1602, Time: 00:00:31

Health: -3/25      AC:  6    Str:  8 (10) XL:     4   Next: 17%
Magic:  6/6        EV: 10    Int: 12 (14) God:
Gold:   95         SH:  0    Dex: 15 (18) Spells: 3/3 levels left

rFire   . . .        Y - +0 shortbow
rCold   . . .        (shield currently unavailable)
rNeg    . . .        b - +0 ring mail
rPois   +            c - +0 helmet
rElec   .            (no cloak)
rCorr   .            (no gloves)
SInv    .            (no boots)
Will    .....        (no amulet)
Stlth   +            h - ring of poison resistance
HPRegen 0.24/turn    (no ring)
MPRegen 0.10/turn

%: no passive effects
@: no status effects
A: no striking features
a: no special abilities


You were on level 3 of the Dungeon.
You visited 1 branch of the dungeon, and saw 3 of its levels.

You collected 95 gold pieces.


   Skills:
 - Level 1.5 Fighting
 + Level 7.6 Ranged Weapons
 - Level 2.4 Dodging
 - Level 1.2 Stealth


You had 3 spell levels left.
You didn't know any spells.
Your spell library was empty.

Inventory:

Hand Weapons
 Y - a +0 shortbow (weapon)
Armour
 b - a +0 ring mail (worn)
 c - a +0 helmet (worn)
Jewellery
 h - a ring of poison resistance (left hand)
 j - a ring of poison resistance
Scrolls
 a - a scroll of identify
 d - a scroll of enchant armour {unknown}
Potions
 e - a potion of enlightenment
 f - a potion of might {unknown}
 g - a potion of curing {unknown}
 i - a potion of haste {unknown}
 k - a potion of mutation {unknown}

Dungeon Overview and Level Annotations

Branches:
Dungeon (3/15)

Altars:
Dithmenos


Message History

The arrow hits the gnoll but does no damage.
The gnoll barely misses you. x2
You shoot an arrow. The arrow barely misses the gnoll.
The arrow hits the gnoll.
The gnoll is moderately wounded.
The gnoll hits you with a +0 flail. The gnoll hits you but does no damage.
You shoot an arrow. The arrow hits the gnoll.
The gnoll is almost dead.
The gnoll hits you with a +0 flail! The gnoll barely misses you.
You shoot an arrow. The arrow hits the gnoll.
You kill the gnoll!
The gnoll hits you but does no damage. The gnoll barely misses you.
You feel your intelligence returning.
You have reached level 4!
You feel clever.
You shoot an arrow. The arrow barely misses the gnoll.
The arrow closely misses the quokka.
The gnoll closely misses you.
You shoot an arrow.
The arrow hits the gnoll but does no damage.
The gnoll is moderately wounded.
The gnoll hits you but does no damage.
You shoot an arrow. The arrow closely misses the gnoll.
The arrow hits the quokka.
You kill the quokka!
The gnoll closely misses you.
You shoot an arrow. The arrow hits the gnoll.
The gnoll is severely wounded.
The gnoll barely misses you.
You shoot an arrow. The arrow hits the gnoll.
The gnoll is severely wounded.
The gnoll closely misses you.
You shoot an arrow. The arrow barely misses the gnoll.
The arrow closely misses the gnoll.
The gnoll hits you but does no damage.
The gnoll hits you from afar with a +0 spear.
You shoot an arrow. The arrow hits the gnoll.
You kill the gnoll!
You shoot an arrow. The arrow hits the gnoll.
The gnoll is heavily wounded.
The gnoll hits you from afar with a +0 spear.
You die...

##..#.# #...
##...#.# ####
##.}....# .
#.......##########
..
.................#
#.#
#######.########.#
g. #.# #.#
#.##.########.#
#.#
#....g)@......#
#.#
####.##########
#.# # #.# #.# #.#
#.# #.# #.. ###


You could see a gnoll.

Vanquished Creatures
  2 gnolls (D:3)
  3 adders (D:2)
  5 ball pythons
  3 endoplasms
  3 giant cockroaches
  4 goblins
  A hobgoblin (D:3)
  4 kobolds
  2 quokkas
  2 bats
  2 frilled lizards
  A rat (D:1)
32 creatures vanquished.

Notes
Turn   | Place    | Note
-------+----------+-------------------------------------------
     0 | D:1      | qw the Deep Elf Hunter began the quest for the Orb.
     0 | D:1      | Reached XP level 1. HP: 12/12 MP: 3/3
     0 | D:1      | 0 ||| qw: Version: 0.3-a-9-g12657ce
     0 | D:1      | 0 ||| qw: Game counter: 2741
     0 | D:1      | 0 ||| qw: Always use a shield: true
     0 | D:1      | 0 ||| qw: God list: Okawaru
     0 | D:1      | 0 ||| qw: Allow faded altars: false
     0 | D:1      | 0 ||| qw: Do Orc after D:15 true
     0 | D:1      | 0 ||| qw: Do second Lair branch before Depths: true
     0 | D:1      | 0 ||| qw: Lair rune preference: random
     0 | D:1      | 0 ||| qw: Plans: Normal
     0 | D:1      | 0 ||| PLANNING D:1-11
    60 | D:1      | You fall into a shaft and drop 1 floor!
   100 | D:2      | 100 ||| DROPPING +6 ring of intelligence.
   101 | D:2      | 101 ||| DRINKING 2 lumpy silvery potions.
   102 | D:2      | 102 ||| DROPPING scroll of butterflies.
   320 | D:1      | Reached skill level 6 in Ranged Weapons
   320 | D:1      | Reached XP level 2. HP: 16/16 MP: 4/4
   516 | D:1      | 516 ||| UPGRADING to +0 ring mail.
   526 | D:1      | 526 ||| DROPPING +0 leather armour.
   527 | D:1      | 527 ||| READING 2 scrolls labelled OJAOGO EMURU.
   528 | D:1      | 528 ||| READING scroll labelled AMACYLASHO.
   720 | D:2      | Found a faded altar of an unknown god.
   891 | D:2      | Reached XP level 3. HP: 13/20 MP: 5/5
   936 | D:2      | Reached skill level 7 in Ranged Weapons
  1095 | D:2      | Found a shadowy altar of Dithmenos.
  1096 | D:2      | 1096 ||| DROPPING +3 sling.
  1396 | D:2      | 1396 ||| UPGRADING to +0 helmet.
  1401 | D:2      | 1401 ||| UPGRADING to ring of poison resistance.
  1402 | D:2      | 1402 ||| READING scroll labelled CIFUET KINYDAE.
  1403 | D:2      | 1403 ||| DRINKING 2 black potions.
  1404 | D:2      | 1404 ||| DROPPING potion of degeneration.
  1587 | D:3      | 1587 ||| Stepping ~*~*~tactically~*~*~ (outnumbered).
  1593 | D:3      | HP: 1/20 [gnoll/+0 flail (9)]
  1595 | D:3      | Reached XP level 4. HP: 2/25 MP: 6/6
  1600 | D:3      | HP: 1/25 [gnoll/+0 spear (3)]
  1602 | D:3      | Slain by a gnoll

Levels and vault maps discovered:
D:1:      wander_arrival_fairy_ring, layout_basic
D:2:      layout_basic, chequers_ecumenical_altar_simple, basic_altar,
          kennysheep_generic_room_16
D:3:      layout_basic, mainiacjoe_overflow_alcove_2,
          nicolae_overflow_ecumenical_swirl, serial_shops,
          nicolae_shop_waterfront

Skill      XL: |  1  2  3 |
---------------+----------+-----
Ranged Weapons | 6 7 |  7.6
Fighting       | |  1.5
Dodging        | |  2.4
Stealth        | |  1.2

Action                     |  1- 3 |  4- 6 || total
---------------------------+-------+-------++-------
   Fire: Shortbow          |    98 |     8 ||   106
    Use: Potion            |     2 |       ||     2
         Scroll            |     3 |       ||     3
 Armour: Leather armour    |     2 |       ||     2
         Ring mail         |    13 |     2 ||    15
  Dodge: Dodged            |    28 |     4 ||    32

Table legend:
 A = Non-vault XP
 B = Vault XP
 C = Vault XP percentage of total XP
 D = Non-vault monster count
 E = Vault monster count
 F = Vault count percentage of total count
                 A         B        C        D         E       F
            +---------+---------+-------+---------+---------+-------
      Total |     100 |      14 |  12.3 |      30 |       2 |   6.2
            +---------+---------+-------+---------+---------+-------
        D:1 |      15 |       0 |   0.0 |       9 |       0 |   0.0
        D:2 |      41 |      14 |  25.5 |      11 |       2 |  15.4
        D:3 |      44 |       0 |   0.0 |      10 |       0 |   0.0
            +---------+---------+-------+---------+---------+-------
